[Event "*** SCC Grand Prix: Titled Tuesday Blitz"]
[Site "Chess.com"]
[Date "2020.09.29"]
[Round "2"]
[White "pastouche06"]
[Black "francyIM"]
[Result "0-1"]
[WhiteElo "2490"]
[BlackElo "2755"]
[TimeControl "180+1"]
[EndTime "10:17:25 PDT"]
[Termination "francyIM won on time"]

1. d4 Nf6 2. c4 e6 3. Nc3 Bb4 4. Qc2 Nc6 5. Nf3 d6 6. Bd2 O-O 7. a3 Bxc3 8. Bxc3 Qe7 9. e3 e5 10. d5 Nb8 11. Nd2 Bg4 12. Bd3 Nbd7 13. b4 Bh5 14.
O-O Bg6 15. e4 c6 16. Bb2 Rfc8 17. Qb3 cxd5 18. cxd5 Nb6 19. a4 Nbd7 20. a5 h6 21. Rac1 Nf8 22. Rc2 Rxc2 23. Qxc2 N8h7 24. Rc1 Ng5 25.
f3 Nh5 26. Qc7 Nh3+ 27. Kf1 Qg5 28. Qc2 N3f4 29. g3 Nxg3+ 30. hxg3 Qxg3 31. a6 b6 32. Bb5 Kh7 33. Ra1 h5 34. Ra3 h4 35. Nc4 h3 36. Qf2 Qxf2+ 37. Kxf2 f5 38. Ne3 fxe4 39. Bc6 Rf8 40. fxe4 Bxe4 41. Kg3 Rf6 42. Ng4 Rg6 0-1

[Event "*** SCC Grand Prix: Titled Tuesday Blitz"]
[Site "Chess.com"]
[Date "2020.09.29"]
[Round "2"]
[White "AungTZ"]
[Black "Chuchofrio1"]
[Result "0-1"]
[WhiteElo "2134"]
[BlackElo "2401"]
[TimeControl "180+1"]
[EndTime "10:17:25 PDT"]
[Termination "Chuchofrio1 won by resignation"]

1. e4 c5 2. Nf3 e6 3. d4 cxd4 4. Nxd4 Nf6 5. Nc3 Nc6 6. Be3 Bb4 7. Bd3 d5 8. exd5 Nxd5 9. Nxc6 bxc6 10. Bd2 Nxc3 11. bxc3 Bd6 12. O-O O-O 13. Qe2 Qc7 14. f4 Bb7 15. Rf3 c5 16. Rh3 g6 17. Qg4 f5 18. Qe2 Rae8 19. Rf1 Rf7 20. Bc4 Rfe7 21. Qd3 Rd8 22. Qe2 Bd5 23. Kh1 Qb7 24. Rg3 Bb8 25.
Bc1 Qc6 26. Rd1 Red7 27. Re1 Qb7 28. h4 Rg7 29. Ba3 Bd6 30. Bc1 Qf7 31. h5 gxh5 32.
Rxg7+ Qxg7 33. Bxd5 exd5 34. Qxh5 Kh8 35. Bd2 Rg8 36.
Re2 Bf8 37. Qxf5 Qg3 38. Qxd5 Qh4+ 39. Kg1 Bg7 40. c4 Qg4 41. Be3 Qxe2 42. Qxg8+ Kxg8 0-1

[Event "*** SCC Grand Prix: Titled Tuesday Blitz"]
[Site "Chess.com"]
[Date "2020.09.29"]
[Round "2"]
[White "PotapovaM"]
[Black "BogdanDeac"]
[Result "0-1"]
[WhiteElo "2568"]
[BlackElo "2902"]
[TimeControl "180+1"]
[EndTime "10:17:26 PDT"]
[Termination "BogdanDeac won by resignation"]

1. d4 d5 2. c4 e6 3. Nf3 Nf6 4. g3 dxc4 5. Bg2 a6 6. O-O Nc6 7. e3 Rb8 8. Nfd2 e5 9. Bxc6+ bxc6 10. dxe5 Ng4 11. Nxc4 Be6 12. Nbd2 Bb4 13. b3 h5 14. Qc2 h4 15. Nf3 f5 16. h3 Qd5 17. e4 Qxe4 18. Qxe4 fxe4 19. Ng5 Bxc4 20. bxc4 Nxe5 21. Bf4 Nd3 22. Bxc7 Rb7 23. Bf4 O-O 24. Be3 hxg3 25. fxg3 Re8 26. Rab1 Rbe7 27. Rfd1 a5 28. Kg2 c5 29. Rb3 a4 30. Rbb1 Re5 31. h4 a3 32.
Rf1 R5e7 33. h5 Ne5 34. Rbc1 Ng4 35. Rfe1 Nxe3+ 36. Rxe3 Bd2 37. Rce1 Bxe1 38. Rxe1 e3 39. Re2 Rd8 40. Nf3 Rb8 41. Kh3 Rb2 42. Re1 e2 43. g4 Rxa2 44. Kg3 Rb2 45. Kf2 a2 0-1

[Event "*** SCC Grand Prix: Titled Tuesday Blitz"]
[Site "Chess.com"]
[Date "2020.09.29"]
[Round "2"]
[White "kuban1991"]
[Black "ehrenfeld"]
[Result "1/2-1/2"]
[WhiteElo "2837"]
[BlackElo "2539"]
[TimeControl "180+1"]
[EndTime "10:17:26 PDT"]
[Termination "Game drawn by repetition"]

1. Nf3 f5 2. d4 Nf6 3. Bg5 e6 4. Nbd2 Be7 5. Bxf6 Bxf6 6. e4 O-O 7. Bd3 d5 8. exf5 exf5 9. O-O Nc6 10. c3 Qd6 11.
Re1 Bd7 12. b4 a6 13. a4 Rae8 14. Qc2 g6 15. Nb3 Nd8 16. Nc5 Bc8 17. h4 Nf7 18. Qd2 Kg7 19. Rxe8 Rxe8 20. Re1 Re7 21. a5 h6 22. Bc2 g5 23. hxg5 hxg5 24. Bb3 g4 25. Rxe7 Qxe7 26. Ne1 c6 27. Ned3 Bg5 28. Qd1 f4 29.
Bc2 g3 30. Qf3 gxf2+ 31. Qxf2 Qf6 32. Ne1 Bh4 33. Qe2 Bg3 34. Nf3 Bg4 35. Qd3 Qh6 36. Bd1 Ng5 37. Qe2 Nxf3+ 38. gxf3 Bf5 39. Qe7+ Kg8 40. Qe8+ Kg7 41. Qe7+ Kg8 42. Qe8+ Kg7 43. Qe7+ 1/2-1/2

[Event "*** SCC Grand Prix: Titled Tuesday Blitz"]
[Site "Chess.com"]
[Date "2020.09.29"]
[Round "2"]
[White "SharapovEvgeny"]
[Black "almo64"]
[Result "0-1"]
[WhiteElo "2473"]
[BlackElo "2727"]
[TimeControl "180+1"]
[EndTime "10:17:26 PDT"]
[Termination "almo64 won by resignation"]

1. c4 e6 2. Nc3 d5 3. cxd5 exd5 4. d4 c6 5. Nf3 Bf5 6. Qb3 Qb6 7. Qxb6 axb6 8.
Bd2 Nf6 9. a3 Nbd7 10. e3 h6 11. Be2 b5 12. O-O Bd6 13. Na2 Nb6 14. Bb4 Bc7 15.
Nc3 Nc4 16. Bxc4 bxc4 17. Rfe1 O-O-O 18. Ne5 Rhe8 19. Nxf7 Rd7 20. Ne5 Bxe5 21. dxe5 Rxe5 22. Na4 Rd8 23. Bc3 Re7 24. Nb6+ Kb8 25. a4 Ne4 26. a5 Nxc3 27. bxc3 Bc2 28. Re2 Bb3 29. Rd2 Ka7 30. Rd4 Ka6 31. h4 Re4 32. Rxe4 dxe4 33. Na4 Kb5 34. Nb6 Rd3 35. Na8 Rxc3 36. Nc7+ Kc5 37.
Ne6+ Kb4 38. Nxg7 Rd3 39. Nf5 c3 40. Nd4 c2 41. Nxc2+ Bxc2 42. a6 bxa6 43. Rxa6 Ba4 44. g4 Bb5 45. Ra7 c5 46. Rh7 Rd6 47. g5 hxg5 48. hxg5 Rg6 0-1

[Event "*** SCC Grand Prix: Titled Tuesday Blitz"]
[Site "Chess.com"]
[Date "2020.09.29"]
[Round "2"]
[White "OsorioFernando"]
[Black "aNaartjieZA"]
[Result "0-1"]
[WhiteElo "2277"]
[BlackElo "2514"]
[TimeControl "180+1"]
[EndTime "10:17:26 PDT"]
[Termination "aNaartjieZA won on time"]

1. e4 e6 2. d4 d5 3. Bd3 Nf6 4. e5 Nfd7 5. c3 c5 6. Nf3 Nc6 7. a3 Qb6 8. Bc2 f6 9. exf6 Nxf6 10. Ne5 cxd4 11. cxd4 Qxd4 12. Qxd4 Nxd4 13. Ba4+ Bd7 14. Nxd7 Nxd7 15. Be3 Nf5 16. Nc3 a6 17. Bxd7+ Kxd7 18. O-O-O Rc8 19. Kb1 g6 20. g4 Nxe3 21.
fxe3 Bg7 22. e4 d4 23. Ne2 e5 24. Nc3 Ke6 25. Nd5 Bh6 26. Rhf1 Rhf8 27. h4 Rxf1 28.
Rxf1 Rf8 29. Rxf8 Bxf8 30. Kc2 Be7 31. h5 gxh5 32. gxh5 Bd8 33. Kd3 Kf7 34. b4 Kg7 35. a4 Kh6 36. b5 axb5 37. axb5 Kxh5 38. Nb4 Kg4 39. Ke2 h5 40. Nd3 Bc7 41. Nc5 b6 42. Ne6 Bd6 43. Kf2 h4 44. Ng7 h3 45.
Nf5 Bc5 46. Kf1 d3 0-1

[Event "*** SCC Grand Prix: Titled Tuesday Blitz"]
[Site "Chess.com"]
[Date "2020.09.29"]
[Round "2"]
[White "bratkoo"]
[Black "Radzio1987"]
[Result "1/2-1/2"]
[WhiteElo "2547"]
[BlackElo "2841"]
[TimeControl "180+1"]
[EndTime "10:17:27 PDT"]
[Termination "Game drawn by repetition"]

1. e4 c6 2. d4 d5 3. e5 Bf5 4. Nf3 e6 5. Be2 Nd7 6. O-O Ne7 7. Nbd2 Nc8 8. c4 Be7 9. a4 a5 10. Nb3 dxc4 11. Bxc4 Ncb6 12. Bd3 Bxd3 13. Qxd3 Nd5 14. Bd2 h6 15. Rfc1 Bb4 16. h3 Qb6 17. Bxb4 Nxb4 18.
Qe2 O-O 19. Nfd2 Nd5 20. Ra3 Qb4 21. Nc4 N7b6 22. Nc5 Nxc4 23. Rxc4 Qb6 24. Nd7 Qa6 25. Nxf8 Rxf8 26. Qc2 Nb4 27. Qc1 Rd8 28. Rg3 Kf8 29. b3 Qb6 30. Qf4 Nd5 31. Qg4 g6 32. Qh4 h5 33. Rc5 Ke8 34. Rf3 Qb4 35. Qe4 Ne7 36. Rc4 Qd2 37. Qf4 Qd1+ 38. Kh2 Nf5 39. g4 hxg4 40. hxg4 g5 41. Qe4 Nh4 42. Rf6 Ke7 43.
Qh7 Rf8 44. Qg7 Qf1 45. Rxe6+ Kxe6 46. Qf6+ Kd7 47. Qd6+ Kc8 48. Qxf8+ Kc7 49. Qe7+ Kb6 50. Qd8+ Ka6 51. Qa8+ Kb6 52. Qd8+ Ka6 53. Qa8+ Kb6 54. Qd8+ 1/2-1/2

[Event "*** SCC Grand Prix: Titled Tuesday Blitz"]
[Site "Chess.com"]
[Date "2020.09.29"]
[Round "2"]
[White "GameOverBro"]
[Black "TigrVShlyape"]
[Result "0-1"]
[WhiteElo "2531"]
[BlackElo "2847"]
[TimeControl "180+1"]
[EndTime "10:17:27 PDT"]
[Termination "TigrVShlyape won by resignation"]

1. e4 b6 2. Nc3 Bb7 3. g3 g6 4. Bg2 Bg7 5. Nge2 e6 6. O-O Ne7 7. d4 d6 8. Be3 Nd7 9. Qd2 h6 10. a4 a6 11. b4 Rb8 12. h3 Nf6 13. f3 Kf8 14. g4 Kg8 15. b5 a5 16. Nd1 h5 17. g5 Ne8 18. h4 d5 19. Nf2 Nd6 20. Qd3 c6 21. bxc6 Nxc6 22. c3 Qc8 23. Bf4 Ba6 24.
Qd1 Qd7 25. Rb1 Rb7 26. Re1 Kh7 27. Nd3 Rc8 28. Ng3 Kg8 29. Kh1 Nc4 30. Nf1 Rd8 31.
Ne3 Nxe3 32. Rxe3 dxe4 33. Rxe4 Bc4 34. Qd2 Bd5 35. Ree1 Ne7 36. Be5 Qxa4 37. Bxg7 Kxg7 38. Ne5 Nf5 39. Qf4 Rc8 40. Rec1 Rbc7 41. Rxb6 Rxc3 42.
Rcb1 Qxd4 43. Qxd4 Nxd4 44. Ra6 Rc1+ 45. Rxc1 Rxc1+ 46. Kh2 Rc2 47. Kg3 Nf5+ 48. Kf4 Rb2 49. Nc6 Bxc6 50. Rxc6 Rxg2 51. Ke5 Nxh4 52. Rc7 Nxf3+ 0-1

[Event "*** SCC Grand Prix: Titled Tuesday Blitz"]
[Site "Chess.com"]
[Date "2020.09.29"]
[Round "2"]
[White "Barys1974"]
[Black "denispopov"]
[Result "1-0"]
[WhiteElo "2621"]
[BlackElo "1959"]
[TimeControl "180+1"]
[EndTime "10:17:29 PDT"]
[Termination "Barys1974 won on time"]

1. Nf3 Nf6 2. c4 g6 3. g3 Bg7 4.
Bg2 O-O 5. O-O c6 6. b3 a5 7. a3 d5 8. Bb2 a4 9. cxd5 Nxd5 10. Bxg7 Kxg7 11. b4 f6 12. Qc2 e5 13. Rd1 Qe7 14. e4 Nc7 15. d4 Bg4 16. Nbd2 exd4 17. h3 Bxf3 18. Nxf3 Ne6 19. Nxd4 Nd7 20. f4 Rfd8 21.
Nf3 Nb6 22. e5 f5 23. h4 Rxd1+ 24. Rxd1 Rd8 25. Ng5 Nxg5 26. hxg5 h6 27. gxh6+ Kxh6 28. Rd3 Rxd3 29. Qxd3 Kg7 30. Kf2 Qe6 31. Bf3 Qa2+ 32. Be2 Nd5 33. Kg2 Nc3 34. Qxc3 Qxe2+ 35. Kg1 Qd1+ 36. Kf2 Qb3 37. Qe3 Qa2+ 38. Kf3 Qd5+ 39. Kf2 Qa2+ 40. Kg1 Kf7 41. Qb6 Qa1+ 42. Kg2 1-0

[Event "*** SCC Grand Prix: Titled Tuesday Blitz"]
[Site "Chess.com"]
[Date "2020.09.29"]
[Round "2"]
[White "Jabberwockiez"]
[Black "chigorin28"]
[Result "0-1"]
[WhiteElo "2206"]
[BlackElo "2426"]
[TimeControl "180+1"]
[EndTime "10:17:30 PDT"]
[Termination "chigorin28 won by checkmate"]

1. e4 c5 2. Nc3 Nc6 3. Nf3 g6 4. d4 cxd4 5. Nxd4 Bg7 6. Be3 d6 7. Bc4 Nf6 8. f3 O-O 9. Qd2 a6 10. O-O-O Nxd4 11. Bxd4 b5 12. Bb3 Be6 13. Nd5 Bxd5 14.
exd5 a5 15. a3 b4 16. a4 Rc8 17. Kb1 Nd7 18. Bxg7 Kxg7 19. h4 h5 20. g4 Rh8 21.
Rdg1 Ne5 22. Qd4 f6 23. Rh3 hxg4 24. fxg4 Qc7 25. g5 Qc5 26. gxf6+ exf6 27. Qd1 Rh6 28. Rf1 Rch8 29. Rf4 Qc8 30. Qf1 Qd8 31. Qa6 g5 32. Qa7+ Qd7 33. Qxd7+ Nxd7 34. Rc4 Rxh4 35. Rhxh4 gxh4 36. Rc7 h3 37. Rxd7+ Kg6 38. c4 h2 39. Bc2+ f5 40. Rxd6+ Kg5 41. Ka2 h1=Q 42. Rd7 Qc1 43. Bd3 Rh2 44. Rg7+ Kf6 45. Rg2 Rxg2 46. Bc2 Qxc2 47.
d6 Qxb2# 0-1

[Event "*** SCC Grand Prix: Titled Tuesday Blitz"]
[Site "Chess.com"]
[Date "2020.09.29"]
[Round "2"]
[White "SabKaD4ddy"]
[Black "Sueetin"]
[Result "1-0"]
[WhiteElo "2510"]
[BlackElo "2304"]
[TimeControl "180+1"]
[EndTime "10:17:32 PDT"]
[Termination "SabKaD4ddy won on time"]

1. e4 e6 2. d3 d5 3. Nd2 c5 4. Ngf3 Nc6 5. g3 Bd6 6. Bg2 Nge7 7. O-O O-O 8. Re1 Qc7 9. c3 Bd7 10. Qe2 f6 11. Nf1 d4 12. h4 e5 13. Bd2 Rac8 14.
N1h2 b5 15. h5 dxc3 16. bxc3 b4 17. h6 g6 18. Rec1 bxc3 19. Bxc3 Qb6 20. Nd2 Be6 21. Rab1 Qa6 22. Nhf3 Nd4 23. Qd1 Nec6 24. Bf1 Rf7 25. Bxd4 Nxd4 26. Nxd4 cxd4 27. Rxc8+ Qxc8 28. Nc4 Bf8 29. Qa4 Bxh6 30. Nd6 Qd7 31. Rb8+ Bf8 32. Qxd7 Rxd7 33.
Nb5 a6 34. Na3 Rc7 35. Nc4 Bxc4 36. dxc4 a5 37. Bh3 Kf7 38. Bf1 Bb4 39. Bd3 Ke7 40.
Kg2 Kd6 41. f4 exf4 42. gxf4 g5 43. Kf3 Bd2 44. Rb6+ Ke7 45. e5 Bxf4 46. exf6+ Kf7 47. Be4 Be5 48. Bd5+ Kf8 49. Rb8+ 1-0

[Event "*** SCC Grand Prix: Titled Tuesday Blitz"]
[Site "Chess.com"]
[Date "2020.09.29"]
[Round "2"]
[White "SergeyShtyka"]
[Black "BikingBrian"]
[Result "1-0"]
[WhiteElo "2434"]
[BlackElo "2201"]
[TimeControl "180+1"]
[EndTime "10:17:32 PDT"]
[Termination "SergeyShtyka won by resignation"]

1. e4 c5 2. Nf3 g6 3. c3 Bg7 4. Bd3 e6 5. Bc2 Ne7 6. O-O O-O 7. d3 d5 8. Bg5 Nbc6 9. Nbd2 Qc7 10. Nb3 b6 11.
Qd2 Ba6 12. Rfe1 Rad8 13. exd5 Nxd5 14. Bxd8 Rxd8 15. Rad1 Nf4 16. Nc1 e5 17. Ne2 Nxd3 18. Bxd3 Rxd3 19. Qc2 e4 20. Ng5 Qe7 21. Nh3 f5 22. Nef4 Rxd1 23. Qxd1 Ne5 24. Qd5+ Kh8 25. Qa8+ Bf8 26. Ne6 Kg8 27. Nxf8 Qxf8 28. Qxa7 Nd3 29. Ng5 Qf6 30. Qxh7+ Kf8 31. Qh6+ Ke7 32. Rd1 Bc4 33. b3 Bd5 34. c4 Bc6 35. Qh7+ Kd6 36. h4 Qb2 37. Qxg6+ Kc7 38. Qxf5 Qxa2 39. Rxd3 exd3 40.
Qxd3 Qa1+ 41. Kh2 Qe5+ 42. Qg3 Qxg3+ 43. Kxg3 Kd6 44. Kf4 Ke7 45. Ke5 Bd7 46. h5 Kf8 47. h6 Kg8 48. Kf6 b5 49. cxb5 Bxb5 50. h7+ Kh8 51.
Kg6 Bd3+ 52. Kh6 Bxh7 53. Nxh7 Kg8 54. Kg6 Kh8 55. f4 Kg8 56. f5 Kh8 57. f6 1-0

[Event "*** SCC Grand Prix: Titled Tuesday Blitz"]
[Site "Chess.com"]
[Date "2020.09.29"]
[Round "2"]
[White "Susal_De_Silva"]
[Black "Aleksey_Sorokin"]
[Result "0-1"]
[WhiteElo "2523"]
[BlackElo "2824"]
[TimeControl "180+1"]
[EndTime "10:17:35 PDT"]
[Termination "Aleksey_Sorokin won on time"]

1. e4 e5 2. Nf3 Nc6 3. Bb5 a6 4. Ba4 Nf6 5. O-O Bc5 6. Re1 O-O 7.
c3 b5 8. Bb3 d6 9. h3 h6 10. a4 Rb8 11. d4 Bb6 12. axb5 axb5 13. d5 Ne7 14. Nbd2 Ng6 15. Nf1 Nh5 16. Nxe5 Qh4 17.
Nd3 f5 18. e5 dxe5 19. Be3 Bxe3 20. Nxe3 Kh7 21. Bc2 Qg5 22. Kh2 Nhf4 23. Nxf4 exf4 24.
Nf1 Nh4 25. g3 Ng6 26. Nd2 fxg3+ 27. fxg3 Bb7 28. Nf3 Qd8 29. Nd4 Qxd5 30. Qe2 Rbe8 31. Qf2 Re5 32. Rxe5 Nxe5 33. Rd1 g6 34. Re1 c5 35.
Bb3 c4 36. Bc2 Kh8 37. Bd1 h5 38. Qd2 Rf7 39. Rxe5 Qxe5 40. Qh6+ Kg8 41. Qg5 Kg7 0-1

[Event "*** SCC Grand Prix: Titled Tuesday Blitz"]
[Site "Chess.com"]
[Date "2020.09.29"]
[Round "2"]
[White "RaphCamora"]
[Black "MVM2008"]
[Result "0-1"]
[WhiteElo "2394"]
[BlackElo "2202"]
[TimeControl "180+1"]
[EndTime "10:17:35 PDT"]
[Termination "MVM2008 won by resignation"]

1. Nf3 d6 2. d4 Nf6 3. g3 Nbd7 4.
Bg2 g6 5. O-O Bg7 6. c4 O-O 7.
Nc3 c6 8. e4 e5 9. h3 Qc7 10. Re1 Re8 11. b3 a6 12. Bb2 b5 13.
cxb5 axb5 14. dxe5 dxe5 15. Rc1 Qb6 16. Qd6 Bf8 17.
Qd2 Nc5 18. b4 Na4 19. Nxa4 Rxa4 20. Bxe5 Bxb4 21. Qe3 Qxe3 22. Rxe3 Nd7 23. Bf4 c5 24. Rc2 Bb7 25. e5 Nb6 26. Nh4 Bxg2 27. Nxg2 Nd5 28. Re4 Nc3 29. Re1 Rxa2 30. Rxa2 Nxa2 31. Ra1 Nc3 32. Ne3 Ne2+ 33. Kf1 Nxf4 34. gxf4 Bc3 35. Rc1 b4 36. Nd5 Ra8 37. Nxc3 bxc3 38. Rxc3 Rc8 39.
Ke2 Kg7 40. Ke3 f6 41. Ke4 Kf7 42. Kd5 fxe5 43. fxe5 Rd8+ 44. Kxc5 Ke6 45. f4 Kf5 46. Kc6 Rc8+ 47. Kd7 Rxc3 48. e6 Rd3+ 49. Ke7 Re3 50. Kf7 Rxe6 51. h4 Rf6+ 52. Kg7 Ra6 53. Kxh7 Kxf4 54.
Kh6 Kg4 55. Kg7 Kxh4 0-1

[Event "*** SCC Grand Prix: Titled Tuesday Blitz"]
[Site "Chess.com"]
[Date "2020.09.29"]
[Round "2"]
[White "Aygehovit1992"]
[Black "KyrgyzFighter"]
[Result "0-1"]
[WhiteElo "2644"]
[BlackElo "2380"]
[TimeControl "180+1"]
[EndTime "10:17:36 PDT"]
[Termination "KyrgyzFighter won by resignation"]

1. Nf3 f5 2. d3 Nf6 3. Nc3 d6 4. e4 e5 5. Bg5 Be7 6. Qe2 O-O 7. h4 Nc6 8. O-O-O h6 9. Bxf6 Bxf6 10. h5 a5 11. Kb1 a4 12. Nd5 a3 13. b3 Be6 14. g3 Re8 15. Nxf6+ Qxf6 16. Bh3 fxe4 17. Bxe6+ Rxe6 18. dxe4 Rf8 19. Rd3 Qf7 20. Nd2 Qxf2 21.
Qxf2 Rxf2 22. Nc4 Ref6 23. Nxa3 Nd4 24. Rc1 Rh2 25. Nc4 Rff2 26. Ne3 Rxh5 27. a4 Rf3 28. Nd5 Rxd3 29. cxd3 c6 30. Ne7+ Kf7 31. Nc8 Ke6 32. b4 Rh2 33. a5 Rg2 34. Rf1 Rxg3 35. Rf8 Rxd3 36. Re8+ Kd7 37. Rg8 Rg3 38. Nb6+ Ke6 39. Re8+ Kf6 40. Rb8 h5 41. Rxb7 h4 42. Rb8 h3 43. Rh8 g5 44. a6 Nb5 45. Nc8 g4 46.
Nxd6 Nxd6 47. a7 Ra3 48. a8=Q Rxa8 49. Rxa8 g3 50. Rf8+ Nf7 51. Rg8 g2 52. Kb2 h2 53.
Rxg2 h1=Q 54. Rc2 Qxe4 55. Kb3 Qd3+ 56. Rc3 Qd5+ 57. Kb2 e4 58. Rc5 Qd4+ 59. Kb3 Ne5 0-1

[Event "*** SCC Grand Prix: Titled Tuesday Blitz"]
[Site "Chess.com"]
[Date "2020.09.29"]
[Round "2"]
[White "Brave_spirit12"]
[Black "nitpicker"]
[Result "1-0"]
[WhiteElo "2438"]
[BlackElo "2265"]
[TimeControl "180+1"]
[EndTime "10:17:36 PDT"]
[Termination "Brave_spirit12 won on time"]

1. e4 c5 2. c3 d5 3. exd5 Qxd5 4. Nf3 Nc6 5. Be2 Bf5 6. O-O Nf6 7. d4 Bxb1 8. Rxb1 cxd4 9. cxd4 e6 10. Be3 Be7 11. b3 O-O 12. Rc1 Rfd8 13. Bc4 Qd6 14. Qe2 a6 15. a4 Nd5 16. Rfd1 Na5 17. Ne5 Rac8 18. Bd2 Nxc4 19. bxc4 Nf6 20. Bf4 Qa3 21. Re1 Rf8 22.
Bg5 Qxa4 23. h3 h6 24. Bh4 b5 25. c5 Qxd4 26. Nf3 Qd5 27. Red1 Qf5 28. c6 Rfe8 29.
c7 Ne4 30. Bxe7 Rxe7 31. Nd4 Qf6 32. Qxe4 Rexc7 33. Rxc7 Rxc7 34. Nc6 g6 35. Nb8 Kg7 36. Nxa6 Rc4 37. Qb7 b4 38. Qb5 Qc3 39. Rd7 b3 40.
Rb7 Qc1+ 41. Kh2 Qf4+ 42. Kg1 Rc1+ 43. Qf1 1-0

[Event "*** SCC Grand Prix: Titled Tuesday Blitz"]
[Site "Chess.com"]
[Date "2020.09.29"]
[Round "2"]
[White "Oligan22"]
[Black "PetrolulSah"]
[Result "1-0"]
[WhiteElo "2409"]
[BlackElo "2178"]
[TimeControl "180+1"]
[EndTime "10:17:37 PDT"]
[Termination "Oligan22 won on time"]

1. e4 e5 2. Nc3 Nf6 3. f4 d5 4. exd5 e4 5. d3 Bb4 6. dxe4 Nxe4 7.
Qd4 Qe7 8. Be3 O-O 9. Ne2 Re8 10. Qe5 Nxc3 11. bxc3 Qh4+ 12. g3 Rxe5 13. gxh4 Bxc3+ 14.
Nxc3 Rxe3+ 15. Kd2 Re7 16. Bd3 Nd7 17. Rae1 Rxe1 18.
Rxe1 Kf8 19. Nb5 Nf6 20. Nxc7 Rb8 21. c4 Bd7 22. c5 Rc8 23. d6 b6 24. cxb6 axb6 25.
Rb1 b5 26. Ke3 Ne8 27. Nxe8 Rxe8+ 28. Kd4 Ra8 29. Bxb5 Ke8 30. a4 Bxb5 31. axb5 Kd7 32. Kc5 Rc8+ 33. Kd5 Ra8 34. Re1 Ra1 35. Re7+ Kd8 36.
Rxf7 Rd1+ 37. Kc6 Rc1+ 38. Kb6 Rd1 39. d7 h5 40. Rxg7 Rd4 41. f5 Rd5 42. Rf7 Rd6+ 43. Ka7 Rh6 44. b6 Rxb6 45. Rf8+ Kc7 46. d8=Q+ 1-0

[Event "*** SCC Grand Prix: Titled Tuesday Blitz"]
[Site "Chess.com"]
[Date "2020.09.29"]
[Round "2"]
[White "Violord"]
[Black "JoliyRoger"]
[Result "1-0"]
[WhiteElo "2693"]
[BlackElo "2442"]
[TimeControl "180+1"]
[EndTime "10:17:38 PDT"]
[Termination "Violord won by resignation"]

1. e4 c6 2. d4 d5 3. e5 Bf5 4. Nf3 e6 5. Be2 Nd7 6. O-O Be7 7. Nbd2 Nh6 8. Re1 O-O 9. Nf1 Bg6 10.
Bxh6 gxh6 11. Qd2 Kg7 12. c3 Rc8 13. Ng3 c5 14. Bd3 cxd4 15. Nxd4 Nc5 16. Be2 Qb6 17. Nh5+ Bxh5 18. Bxh5 Ne4 19. Qe2 Kh8 20. Bf3 Ng5 21. Rad1 Bc5 22. Bg4 Qa6 23. Qxa6 bxa6 24. g3 Bxd4 25.
Rxd4 h5 26. Bxh5 h6 27. Kg2 Rc5 28. h4 Nh7 29. Re2 Kg7 30. Bf3 Rb8 31. Rc2 a5 32.
Be2 Nf8 33. Rcd2 Nd7 34. f4 f5 35. c4 Nb6 36. cxd5 Rxd5 37. Bf3 Rxd4 38. Rxd4 a4 39. Rd6 Kf7 40. Rc6 Rd8 41. Rc7+ Rd7 42. Rxd7+ Nxd7 43. g4 fxg4 44. Bxg4 Nc5 45. Be2 Ne4 46. Kf3 Nc5 47. Ke3 Ke7 48. Kd4 Nd7 49. Bb5 Nb6 50. a3 Kd8 51. Bc4 Kd7 52. Ba2 Ke7 53. Kc5 Kd7 54. Kb5 Ke7 55. Kc6 Kf7 56. f5 Ke7 57. Bxe6 h5 58.
Ba2 1-0

[Event "*** SCC Grand Prix: Titled Tuesday Blitz"]
[Site "Chess.com"]
[Date "2020.09.29"]
[Round "2"]
[White "x-0414717230"]
[Black "Kostya26"]
[Result "1-0"]
[WhiteElo "2684"]
[BlackElo "2414"]
[TimeControl "180+1"]
[EndTime "10:17:38 PDT"]
[Termination "x-0414717230 won by resignation"]

1. d4 d5 2. Nf3 Nf6 3. Bf4 c6 4. e3 Bf5 5. c4 e6 6. Qb3 Qb6 7.
c5 Qxb3 8. axb3 Nbd7 9. b4 Bxb1 10. Rxb1 a6 11. Ra1 Rc8 12. h3 Ne4 13. Bd3 Ndf6 14.
g4 h6 15. Ng1 Nh7 16. f3 Nef6 17. Ne2 g5 18. Bg3 Bg7 19. Nc1 O-O 20. Nb3 Rcd8 21. h4 Rfe8 22. hxg5 Nxg5 23. Ke2 Rd7 24. Be5 Nfh7 25. Bxg7 Kxg7 26. Rh4 Nf6 27. Rah1 Rh8 28.
R1h2 Re7 29. f4 Nge4 30. g5 Ng8 31. Bxe4 dxe4 32. Nd2 f5 33. gxf6+ Nxf6 34. Rg2+ Kf7 35. Nc4 h5 36. Ne5+ Ke8 37. Rg6 Rf8 38. Rg5 Rh7 39. b3 Kd8 40. Kd2 Ke8 41. Kc2 Nd5 42. Kd2 Nxb4 43.
Rgxh5 Rxh5 44. Rxh5 Nd5 45. Rh6 Rf6 46. Rh8+ Rf8 47.
Rh7 Ne7 48. Kc3 Rg8 49. Kb4 Rg3 50. Ka5 Kd8 51. Kb6 Nc8+ 52. Kxb7 Ne7 53. Rh8+ 1-0

[Event "*** SCC Grand Prix: Titled Tuesday Blitz"]
[Site "Chess.com"]
[Date "2020.09.29"]
[Round "2"]
[White "manuellarrea"]
[Black "ural58"]
[Result "1-0"]
[WhiteElo "2117"]
[BlackElo "2381"]
[TimeControl "180+1"]
[EndTime "10:17:38 PDT"]
[Termination "manuellarrea won on time"]

1. e4 d5 2. exd5 Qxd5 3. Nc3 Qa5 4. d4 Nf6 5. Bc4 Bg4 6. f3 Be6 7. Bxe6 fxe6 8. Qe2 Nc6 9. Be3 Nd5 10. Nh3 Nxc3 11.
bxc3 Qxc3+ 12. Kf2 O-O-O 13. Rab1 Nxd4 14. Bxd4 Qxd4+ 15. Kg3 h5 16. Qxe6+ Kb8 17. Rxb7+ Kxb7 18. Rb1+ Qb6 19. Rxb6+ axb6 20. Ng5 Rh6 21. Qe4+ c6 22. Nf7 h4+ 23. Kh3 Rhd6 24. Nxd8+ Rxd8 25. Kxh4 Rd5 26. Kg3 e5 27. c4 Ra5 28. Qg6 Bc5 29. Qxg7+ Ka6 30.
Qg8 Ka7 31. Qf7+ Ka6 32. Qe8 Kb7 33. Qd7+ Ka6 34. Qxc6 Ka7 35. Qc7+ Ka6 36. Qc8+ Ka7 37. Qd7+ Ka6 38. h4 Bd4 39. h5 Rxa2 40. h6 Bf2+ 41. Kh3 Ra1 42. h7 Rh1+ 43. Kg4 e4 44. fxe4 Rh4+ 45.
Kf5 Rh5+ 46. Kg6 Rh2 47. Qc8+ Ka5 48. h8=Q 1-0

[Event "*** SCC Grand Prix: Titled Tuesday Blitz"]
[Site "Chess.com"]
[Date "2020.09.29"]
[Round "2"]
[White "superchthonic"]
[Black "Fischerev7"]
[Result "0-1"]
[WhiteElo "2564"]
[BlackElo "2348"]
[TimeControl "180+1"]
[EndTime "10:17:39 PDT"]
[Termination "Fischerev7 won on time"]

1. d4 Nf6 2. c4 e6 3. Nc3 Bb4 4. Qc2 c5 5. dxc5 Qc7 6. a3 Bxc5 7. Nh3 a6 8. Bf4 e5 9. Bg5 Be7 10. Bxf6 Bxf6 11. Nd5 Qd8 12. e3 O-O 13. Bd3 g6 14. f3 Nc6 15. Nf2 Bg7 16. h4 d6 17. h5 Be6 18. hxg6 fxg6 19. Be4 Ne7 20. O-O-O Nxd5 21. Bxd5 Bxd5 22. Rxd5 Qb6 23. Kb1 Rac8 24. Qd3 Rc6 25.
Ne4 Rfc8 26. Rc1 Bh6 27. c5 dxc5 28. Qc4 Kh8 29. Qc3 Bg7 30. Rh1 c4 31. Ng5 h6 32.
Nf7+ Kh7 33. Rd7 Qb3 34. Ng5+ Kg8 35. Rxg7+ Kxg7 36. Qxe5+ Kf8 37. Qh8+ Ke7 38. Qg7+ Kd6 39. Qf6+ Kc5 40. Qd4+ Kb5 41. Ne4 c3 42. a4+ Ka5 43. Qe5+ Rc5 0-1

[Event "*** SCC Grand Prix: Titled Tuesday Blitz"]
[Site "Chess.com"]
[Date "2020.09.29"]
[Round "2"]
[White "GM_Levan_Pantsulaia"]
[Black "Vlad_Lukiianchuk"]
[Result "1-0"]
[WhiteElo "2836"]
[BlackElo "2525"]
[TimeControl "180+1"]
[EndTime "10:17:41 PDT"]
[Termination "GM_Levan_Pantsulaia won on time"]

1. Nf3 Nf6 2. g3 d5 3. Bg2 c5 4. c4 Nc6 5. cxd5 Nxd5 6. O-O Nc7 7. Nc3 e5 8. d3 Be7 9. Nd2 O-O 10. Bxc6 bxc6 11.
Nc4 f6 12. Qa4 Bh3 13. Qxc6 Bxf1 14. Kxf1 Qc8 15. Be3 Ne6 16. Nd5 Rf7 17. Qxc8+ Rxc8 18. Rc1 Bf8 19. Bd2 Rd7 20. e4 Kf7 21. Be3 Rc6 22.
Ke2 Ra6 23. a3 Rb7 24. f4 exf4 25. gxf4 Rb8 26. f5 Nd8 27. h4 Rc6 28. h5 Rcc8 29. Rg1 Nc6 30. Kd2 Rb3 31. Kc2 Rcb8 32. Bf4 Nd4+ 33.
Kb1 R8b5 34. Rd1 Be7 35. Ka2 Nc6 36. Bd6 a5 37. Bxe7 Nxe7 38. Nd6+ Kf8 39. Nxb5 Rxb5 40. Nc7 Rb7 41. Ne6+ Kf7 42. Nd8+ 1-0

[Event "*** SCC Grand Prix: Titled Tuesday Blitz"]
[Site "Chess.com"]
[Date "2020.09.29"]
[Round "2"]
[White "Ginger_GM"]
[Black "GiorgianBarbosa"]
[Result "1-0"]
[WhiteElo "2686"]
[BlackElo "2418"]
[TimeControl "180+1"]
[EndTime "10:17:42 PDT"]
[Termination "Ginger_GM won by resignation"]

1. c4 Nf6 2. Nc3 g6 3. g3 Bg7 4. Bg2 O-O 5. e4 d6 6. Nge2 c5 7.
O-O Nc6 8. d3 Ne8 9. Be3 Nd4 10.
Rb1 Nc7 11. b4 Nce6 12. Qd2 b6 13. Bh6 Bd7 14. Bxg7 Kxg7 15. f4 Nxe2+ 16. Nxe2 cxb4 17. Rxb4 Qc7 18. f5 Nc5 19. Nc3 Bc6 20. h4 a5 21.
Rbb1 f6 22. Ne2 Rab8 23. Nd4 Bd7 24. Kh2 Rb7 25. Bh3 Rfb8 26. fxg6 hxg6 27. Bxd7 Qxd7 28. Rb5 Rh8 29. Kg2 Ne6 30. Nxe6+ Qxe6 31. Rfb1 g5 32. hxg5 Qh3+ 33. Kf3 Qh5+ 34. Kf2 Qh2+ 35.
Ke3 Qxg3+ 36. Kd4 Rh2 37. gxf6+ exf6 38. Qe3 Qe5+ 39. Rxe5 dxe5+ 40. Kc3 Rxa2 41. Rxb6 Ra3+ 42. Kb2 Rxb6+ 43. Qxb6 Rxd3 44. c5 Rd4 45. c6 Rb4+ 46. Qxb4 axb4 47. c7 1-0